 Dungeon Crawl Stone Soup version 0.27.0-1-g7a089689b8 (webtiles) character file.

Game seed: 15110855136481684640

22636 Sin92 the Cleaver (level 12, -17/95 HPs)
             Began as a Demonspawn Fighter on Aug 6, 2021.
             Was the Champion of Okawaru.
             Killed from afar by an ice statue (28 damage)
             ... with a shard of ice
             ... in an ice cave.
             The game lasted 00:38:03 (13044 turns).

Sin92 the Cleaver (Demonspawn Fighter)             Turns: 13044, Time: 00:38:04

Health: -17/95     AC: 22    Str: 28    XL:     12   Next: 64%
Magic:  17/17      EV: 10    Int: 17    God:    Okawaru [******]
Gold:   884        SH: 19    Dex: 21    Spells: 11/11 levels left

rFire    . . .     SeeInvis .   M - +12 broad axe of Karma {venom, Str+2}
rCold    + . .     Faith    .   V - +1 kite shield {rC+}
rNeg     . . .     Spirit   .   N - +0 plate armour
rPois    .         Reflect  +   U - +2 helmet {Int+3}
rElec    .         Harm     .   J - +0 cloak
rCorr    .         Rampage  .   (gloves unavailable)
Will     .....                  Q - +0 pair of boots
Stlth    ..........             T - amulet "Ceeshy" {Reflect +Blink Int+5 SH+5}
HPRegen  0.25/turn              k - +6 ring of dexterity
MPRegen  0.15/turn              S - +6 ring of strength

@: no status effects
A: claws 3, thin metallic scales 2, spiny 1, demonic magic 2
a: Renounce Religion, Evoke Blink, Heroism, Finesse


You were in an ice cave.
You worshipped Okawaru.
Okawaru was exalted by your worship.
You visited 3 branches of the dungeon, and saw 14 of its levels.
You also visited: Ice Cave.

You collected 884 gold pieces.

Inventory:

Hand Weapons
 a - a +1 war axe
 G - a +1 hand axe of freezing
 M - the +12 broad axe of Karma (weapon) {venom, Str+2}
   (Okawaru gifted it to you on level 11 of the Dungeon)

   It poisons the flesh of those it strikes.
   Str:       It affects your strength (+2).
 O - a +1 flail of protection
Missiles
 v - 2 throwing nets (quivered)
Armour
 b - a +0 scale mail
 c - a +2 kite shield
 t - the +4 pair of gloves of Maepus {Harm rPois}
   (You acquired it on level 6 of the Dungeon)

   rPois:     It protects you from poison.
   Harm:      It increases damage dealt and taken.
 A - +1 steam dragon scales
 J - a +0 cloak (worn)
 K - a +0 helmet
 N - a +0 plate armour (worn)
 Q - a +0 pair of boots (worn)
 U - a +2 helmet of intelligence (worn)
 V - a +1 kite shield of cold resistance (worn)
Jewellery
 j - a ring of wizardry
 k - a +6 ring of dexterity (left claw)
 l - an amulet of magic regeneration
 q - the amulet of Pethre {rF+ Regen+ Int+4}
   (You found it on level 5 of the Dungeon)

   [amulet of regeneration]

   Int:       It affects your intelligence (+4).
   rF:        It protects you from fire.
   Regen:     It increases your rate of health regeneration.
 y - an amulet of faith
 E - a ring of poison resistance
 F - a ring of protection from cold
 H - a ring of protection from cold
 S - a +6 ring of strength (right claw)
 T - the amulet "Ceeshy" (around neck) {Reflect +Blink Int+5 SH+5}
   (You found it on level 1 of the Lair of Beasts)

   [amulet of reflection]

   It reflects blocked missile attacks.
   Int:       It affects your intelligence (+5).
   +Blink:    It lets you blink.
   SH:        It affects your SH (+5).
Wands
 d - a wand of flame (31)
 g - a wand of polymorph (15)
 C - a wand of mindburst (16)
Scrolls
 e - a scroll of identify
 n - a scroll of noise
 u - 4 scrolls of amnesia
 D - 4 scrolls of magic mapping
 L - 2 scrolls of enchant weapon
Potions
 f - a potion of attraction
 h - 2 potions of curing
 i - 6 potions of lignification
 m - a potion of heal wounds
 o - 2 potions of berserk rage
 p - a potion of haste
 r - 2 potions of degeneration
 s - 2 potions of cancellation
 w - a potion of flight
 x - a potion of resistance
 z - a potion of might
 I - 2 potions of magic
 P - 2 potions of mutation
 R - a potion of ambrosia
 W - a potion of invisibility


   Skills:
 + Level 9.2 Fighting
 * Level 11.2 Axes
 + Level 8.3 Armour
 - Level 7.0 Dodging
 + Level 8.4 Shields
 - Level 7.8 Invocations


You had 11 spell levels left.
You didn't know any spells.
Your spell library contained the following spells:

 Spells                   Type           Power      Damage    Failure   Level
 Animate Skeleton         Necr           0%         N/A       99%         1
 Foxfire                  Conj/Fire      0%         2x1d4     99%         1
 Freeze                   Ice            0%         1d3       99%         1
 Pain                     Necr           0%         1d4       99%         1
 Corpse Rot               Necr/Air       N/A        N/A       100%        2
 Poisonous Vapours        Pois/Air       0%         N/A       100%        2
 Conjure Flame            Conj/Fire      0%         6-21      100%        3
 Frozen Ramparts          Ice            0%         1d2       100%        3
 Gell's Gravitas          Tloc           0%         N/A       100%        3
 Inner Flame              Hex/Fire       0%         N/A       100%        3
 Teleport Other           Tloc           0%         N/A       100%        3
 Vampiric Draining        Necr           0%         2d6       100%        3
 Hailstorm                Conj/Ice       0%         3d3       100%        4
 Freezing Cloud           Conj/Ice/Air   0%         6-21      100%        5
 Iskenderun's Battlesphe  Conj           0%         2d6       100%        5
 Dispersal                Tloc           0%         N/A       100%        6
 Iron Shot                Conj/Erth      0%         9d1       100%        6
 Spellforged Servitor     Conj/Summ      0%         N/A       100%        7
 Disjunction              Tloc           0%         N/A       100%        8


Dungeon Overview and Level Annotations

Branches:
Dungeon (11/15)            Temple (1/1) D:4            Lair (2/6) D:8
 Shoals (0/4) Lair:2        IceCv (1/1)
  Snake: Lair:2-4    Spider: Lair:2-4       Orc: D:9-12

Altars:
Ashenzari
Cheibriados
Dithmenos
Elyvilon
Fedhas
Gozag
Hepliaklqana
Kikubaaqudgha
Makhleb
Nemelex Xobeh
Okawaru
Qazlal
Ru
Sif Muna
Trog
Uskayaw
Vehumet
Wu Jian
Xom
Yredelemnul
Zin
The Shining One

Shops:
D:1 :

Portals:
Abyss: Lair:1

Annotations:
D:7 2 transporters, freelancePsychic's ghost, novice DjVM
Lair:1 2 transporters, Bauqient's ghost, journeyman MfSu IceCv exclusion: 3 ice statues


Innate Abilities, Weirdness & Mutations

You have claws for hands.
You are mostly covered in thin metallic scales. (AC +3)
You are partially covered in sharp spines.
Spells you cast may paralyse nearby enemies.


Message History

The ice statue gestures at you. The shard of ice hits you.
Unknown command.
Your shield prevents you from hitting the ice statue.
The ice statue is severely damaged.
You slash the ice beast! x2; You are engulfed in freezing vapours.
You resist. The ice beast closely misses you.
The ice statue glitters chillingly in the dim dungeon light.
Unknown command.
Unknown command.
You hit the ice statue.
The ice statue is severely damaged.
You closely miss the ice beast. You slash the ice beast!
You kill the ice beast!
You are engulfed in freezing vapours.
You resist.
* * * LOW HITPOINT WARNING * * *
The ice statue gestures. x2
You block the ice beast's attack.
You slash the ice statue!
The ice statue is almost destroyed.
You hit the ice beast. You slash the ice beast!
The ice beast is struck by your spines.
The ice beast hits you but does no damage.
The ice statue gestures at you.
The bolt of cold hits the ice beast.
The ice beast completely resists.
The bolt of cold hits the ice beast.
The ice beast completely resists.
The bolt of cold hits you but does no damage.
You resist. The ice statue gestures at you. The bolt of cold hits you!
You resist.
* * * LOW HITPOINT WARNING * * *
You block the ice beast's attack.
The ice statue gestures.
The ice statue gestures at you.
The bolt of cold hits the ice beast.
The ice beast completely resists.
The bolt of cold hits you. You resist.
* * * LOW HITPOINT WARNING * * *
You block the ice beast's attack. The ice statue gestures at you.
The shard of ice hits you!! You partially resist.
You die...

##### ############# #
....## ##...).#....8## ..
.....###.....)#......## ...
......#.......#.....Y.#....
∩..∩............@Y.°..8Y...
......#.......#..YYY..#uZ..
.....###......#....°°## .
....## ##..)?.#....8##
##### #############


You could see 3 ice statues, a white ugly thing and 6 ice beasts.

Vanquished Creatures
  Gastronok (Lair:2)
  A boulder beetle (D:11)
  2 two-headed ogres (D:10)
  An ogre mage (D:11)
  A death knight (D:11)
  Pikel (D:4)
  2 cyclopes (D:11)
  Joseph (D:9)
  Maurice (D:8)
  A merfolk siren (Lair:2)
  A rime drake (Lair:1)
  3 cane toads
  A freezing wraith (IceCv)
  A troll (D:10)
  2 hornets
  2 polar bears (Lair:1)
  2 merfolk (Lair:2)
  A meliai zombie (D:10)
  2 shadows
  A wyvern (D:9)
  30 yaks
  A wraith (D:11)
  Eustachio (D:5)
  Grum (D:8)
  A steam dragon (D:6)
  Edmund (D:5)
  An acid dragon (D:10)
  2 water moccasins
  Duvessa (D:5)
  2 ice beasts
  5 orc warriors
  3 black bears
  2 necrophages
  4 ogres (D:6)
  4 centaurs
  4 wolves (D:8)
  2 phantoms
  A lemure (D:4)
  7 bullfrogs
  Blork the orc (D:5)
  2 kobold brigands
  A gnoll sergeant (D:10)
  A scorpion (D:6)
  A wyvern zombie (D:5)
  2 cane toad simulacra (IceCv)
  3 water moccasin zombies (D:5)
  Dowan (D:5)
  A water moccasin skeleton (D:6)
  2 elephant simulacra (IceCv)
  48 killer bees
  3 howler monkeys (D:10)
  2 centaur zombies
  5 hounds
  2 orc priests
  A gnoll shaman (D:5)
  A jelly (D:5)
  A bullfrog skeleton (D:5)
  6 iguanas
  11 orc wizards
  3 scorpion zombies (D:5)
  2 wolf simulacra (IceCv)
  2 hound skeletons (D:5)
  A howler monkey zombie (D:9)
  11 adders
  9 gnolls
  A shadow imp (D:7)
  2 white imps
  An adder zombie (D:5)
  2 adder skeletons
  2 worms
  2 dart slugs
  40 orcs
  6 bats
  6 endoplasms
  5 giant cockroaches
  2 goblins
  7 hobgoblins
  13 jackals
  11 kobolds
  5 quokkas
  4 ball pythons
  3 frilled lizards
  11 rats
347 creatures vanquished.

Vanquished Creatures (collateral kills)
  A goblin (D:3)
1 creature vanquished.

Vanquished Creatures (others)
  A hound (D:5)
  A gnoll (D:5)
  A worm (D:5)
  2 fungi
  5 plants
10 creatures vanquished.

Grand Total: 358 creatures vanquished

Notes
Turn   | Place    | Note
-------+----------+-------------------------------------------
     0 | D:1      | Sin92 the Demonspawn Fighter began the quest for the Orb.
     0 | D:1      | Reached XP level 1. HP: 18/18 MP: 1/1
   165 | D:1      | Found Urche's Book Emporium.
   175 | D:1      | Reached skill level 2 in Axes
   234 | D:1      | Gained mutation: Spells you cast may paralyse adjacent
                  | enemies. [demonic ancestry]
   234 | D:1      | Reached XP level 2. HP: 20/24 MP: 2/2
   282 | D:1      | Found a faded altar of an unknown god.
  1022 | D:2      | Found a hide-covered altar of Uskayaw.
  1049 | D:2      | Gained mutation: You are partially covered in thin metallic
                  | scales. (AC +2) [demonic ancestry]
  1049 | D:2      | Reached XP level 3. HP: 23/29 MP: 3/3
  1169 | D:2      | Reached skill level 1 in Dodging
  1464 | D:2      | Gained mutation: You have sharp fingernails. [demonic
                  | ancestry]
  1464 | D:2      | Reached XP level 4. HP: 12/35 MP: 4/4
  1974 | D:3      | Reached skill level 3 in Axes
  2107 | D:3      | Reached XP level 5. HP: 18/42 MP: 5/5
  2562 | D:3      | Found a shimmering blue altar of Sif Muna.
  2939 | D:3      | Noticed a phantom
  2958 | D:3      | Killed a phantom
  2959 | D:3      | Gained mutation: You are partially covered in sharp spines.
                  | [demonic ancestry]
  2959 | D:3      | Reached XP level 6. HP: 19/48 MP: 6/6
  3445 | D:4      | Reached skill level 4 in Axes
  3543 | D:4      | Found a staircase to the Ecumenical Temple.
  3601 | Temple   | Entered the Ecumenical Temple
  3723 | D:4      | Noticed a moth of wrath
  3725 | D:4      | Found a bloodstained altar of Trog.
  4111 | D:4      | Noticed Pikel
  4122 | D:4      | Killed Pikel
  4123 | D:4      | Reached skill level 5 in Axes
  4123 | D:4      | Gained mutation: You are mostly covered in thin metallic
                  | scales. (AC +3) [demonic ancestry]
  4123 | D:4      | Reached XP level 7. HP: 10/55 MP: 7/7
  4688 | D:5      | Entered Level 5 of the Dungeon
  4709 | D:5      | Noticed Eustachio
  4747 | D:5      | Reached XP level 8. HP: 46/61 MP: 8/8
  4752 | D:5      | Killed Eustachio
  4753 | D:5      | Reached skill level 5 in Fighting
  4788 | D:5      | Found a shimmering altar of Xom.
  4980 | D:5      | Noticed Duvessa
  4980 | D:5      | Noticed Dowan
  4991 | D:5      | Killed Dowan
  4991 | D:5      | Killed Duvessa
  5174 | D:5      | Identified the amulet of Pethre {rF+ Regen+ Int+4}
  5200 | D:5      | Reached skill level 6 in Axes
  5231 | D:5      | Found an iron altar of Okawaru.
  5251 | D:5      | Became a worshipper of Warmaster Okawaru
  5317 | D:5      | Noticed Edmund
  5333 | D:5      | Killed Edmund
  5334 | D:5      | Reached skill level 5 in Shields
  5481 | D:5      | Noticed Blork the orc
  5494 | D:5      | Killed Blork the orc
  5495 | D:5      | Reached skill level 5 in Armour
  5707 | D:5      | Reached XP level 9. HP: 62/69 MP: 9/9
  5770 | D:5      | Found a blossoming altar of Fedhas.
  6041 | D:5      | Reached * piety under Okawaru
  6238 | D:6      | Reached skill level 1 in Invocations
  6249 | D:6      | Identified a scroll of acquirement
  6249 | D:6      | Acquired the +4 pair of gloves of Maepus {Harm rPois}
  6414 | D:6      | Reached skill level 7 in Axes
  6884 | D:6      | Reached ** piety under Okawaru
  7289 | D:6      | Found a radiant altar of Vehumet.
  7292 | D:6      | Found a basalt altar of Yredelemnul.
  7301 | D:6      | Found a stormy altar of Qazlal.
  7304 | D:6      | Found a hazy altar of Hepliaklqana.
  7825 | D:7      | Reached skill level 5 in Dodging
  7835 | D:7      | Gained mutation: You have very sharp fingernails. [demonic
                  | ancestry]
  7835 | D:7      | Reached XP level 10. HP: 77/77 MP: 12/12
  7917 | D:7      | Reached *** piety under Okawaru
  8065 | D:7      | Identified the +10 dagger of Corporal Punishment {pain,
                  | rN++ Int+4 Dex-3}
  8141 | D:7      | Found a transporter.
  8144 | D:7      | Found a transporter.
  8158 | D:7      | Noticed freelancePsychic's ghost (novice DjVM)
  8299 | D:8      | Noticed Grum
  8324 | D:8      | Killed Grum
  8325 | D:8      | Reached skill level 8 in Axes
  8355 | D:8      | Found a staircase to the Lair.
  8622 | D:8      | Found a shadowy altar of Dithmenos.
  8741 | D:8      | Noticed Maurice
  8770 | D:8      | Killed Maurice
  9231 | D:9      | Found a burning altar of Makhleb.
  9485 | D:9      | Noticed Joseph
  9500 | D:9      | Killed Joseph
  9500 | D:9      | Reached **** piety under Okawaru
  9590 | D:9      | Reached skill level 5 in Invocations
 10117 | D:10     | Entered Level 10 of the Dungeon
 10166 | D:10     | Noticed a two-headed ogre
 10182 | D:10     | Killed a two-headed ogre
 10182 | D:10     | Reached ***** piety under Okawaru
 10183 | D:10     | Reached skill level 9 in Axes
 10183 | D:10     | Gained mutation: You have claws for hands. [demonic
                  | ancestry]
 10183 | D:10     | Reached XP level 11. HP: 60/84 MP: 15/15
 10271 | D:10     | Noticed a two-headed ogre
 10295 | D:10     | Killed a two-headed ogre
 11108 | D:11     | Identified the +12 broad axe of Karma {venom, Str+2}
                  | (Okawaru gifted it to you on level 11 of the Dungeon)
 11108 | D:11     | Received a gift from Okawaru
 11123 | D:11     | Noticed a boulder beetle
 11147 | D:11     | Noticed a death knight
 11148 | D:11     | Killed a boulder beetle
 11149 | D:11     | Noticed an ogre mage
 11354 | D:11     | Killed a death knight
 11354 | D:11     | Received a gift from Okawaru
 11473 | D:11     | Killed an ogre mage
 11474 | D:11     | Reached skill level 10 in Axes
 11502 | D:11     | Noticed a centaur warrior
 11508 | D:11     | Noticed a green ugly thing
 11508 | D:11     | Noticed a skeletal warrior
 11512 | D:11     | Noticed a purple ugly thing
 11796 | Lair:1   | Entered Level 1 of the Lair of Beasts
 11890 | Lair:1   | Gained mutation: Spells you cast may paralyse nearby
                  | enemies. [demonic ancestry]
 11890 | Lair:1   | Reached XP level 12. HP: 94/94 MP: 17/17
 11987 | Lair:1   | Reached ****** piety under Okawaru
 12113 | Lair:1   | Identified the amulet "Ceeshy" {Reflect +Blink Int+5 SH+5}
 12198 | Lair:1   | Found a transporter.
 12227 | Lair:1   | Noticed Bauqient's ghost (journeyman MfSu)
 12404 | Lair:1   | Found a transporter.
 12413 | Lair:1   | Found a one-way gate to the infinite horrors of the Abyss.
 12640 | Lair:2   | Found a staircase to the Shoals.
 12640 | Lair:2   | Noticed Gastronok
 12656 | Lair:2   | Killed Gastronok
 12656 | Lair:2   | Received a gift from Okawaru
 12657 | Lair:2   | Reached skill level 11 in Axes
 12673 | Lair:2   | Found a frozen archway.
 12708 | IceCv    | Entered an ice cave
 13044 | IceCv    | Killed from afar by an ice statue

Illustrated notes

Levels and vault maps discovered:
D:1:      nagdon_arrival_double_spiral, layout_loops_cross, serial_shops,
          shop_coins, hellmonk_ecumenical_altar_slurped_away
D:2:      layout_basic, basic_altar
D:3:      layout_rooms, tso_altar, mainiacjoe_overflow_catwalk, kennysheep_nub,
          minmay_pentangle
D:4:      layout_loops_cross, tgw_trog, minmay_temple_entry_statues,
          minmay_misc_feat_x, uniq_pikel
D:5:      layout_basic, mainiacjoe_overflow_small_starburst,
          mainiacjoe_overflow_cross_hatched, xom_confusion_cloud,
          uniq_blork_the_orc, uniq_edmund, uniq_duvessa, uniq_eustachio
D:6:      kennysheep_six_static_rooms, layout_layer_cave,
          minmay_overflow_temple_star_hex
D:7:      layout_loops_ring, gammafunk_ghost_smash
D:8:      layout_basic, nicolae_dithmenos_through_a_glass_darkly,
          lair_entry_dummy, uniq_maurice, uniq_grum
D:9:      layout_basic, amcnicky_altar_gilded, uniq_joseph
D:10:     layout_gridville, hangedman_corner_corridor
D:11:     hangedman_what_comes_after_a, layout_loops_cross,
          minmay_orc_entry_temple_small, serial_bayou_pond_b, dk_noncrumbling_2,
          blue_anna_alchemist
Temple:   dpeg_three_leaves_temple
Lair:1:   layout_regular_city, gammafunk_ghost_abyssal_escape,
          serial_bayou_pond_b, beast_lair_carwin_11
Lair:2:   lemuel_ratsnest, layout_small_grid, elwin_shoals_entry_stream,
          portal_ice_cave_entry_pillars_1, uniq_gastronok
IceCv:    ice_cave_statue_garden_chambered

Skill      XL: |  1  2  3  4  5  6  7  8  9 10 11 12 |
---------------+-------------------------------------+-----
Axes           | 2 3 5 6 7 9 10 11 | 11.2
Dodging        | 1 2 3 4 5 6 7 |  7.0
Armour         | 3 4 5 6 7 8 |  8.3
Shields        | 3 4 5 6 7 8 |  8.4
Fighting       | 4 5 6 7 8 9 |  9.2
Invocations    | 3 5 7 |  7.8

Action                   |  1- 3 |  4- 6 |  7- 9 | 10-12 || total
-------------------------+-------+-------+-------+-------++-------
Melee: War axe           |   105 |   142 |   287 |    59 ||   593
       Hand axe          |       |       |       |   327 ||   327
       Broad axe         |       |       |       |   189 ||   189
Invok: Heroism           |       |       |       |     1 ||     1
       Finesse           |       |       |       |     2 ||     2
  Use: Scroll            |     2 |     7 |     4 |    18 ||    31
       Potion            |       |     1 |     4 |     3 ||     8
 Stab: Sleeping          |       |       |     1 |     1 ||     2
Armor: Scale mail        |    83 |    82 |   113 |       ||   278
       Steam dragon scal |       |       |    18 |    55 ||    73
       Skin              |       |       |       |     2 ||     2
       Plate armour      |       |       |       |   241 ||   241
Dodge: Dodged            |    52 |    58 |   114 |   203 ||   427
Block: Kite shield       |    82 |    93 |   244 |   519 ||   938
